 Dungeon Crawl Stone Soup version 0.20.1-1-g8b1a95d (webtiles) character file.

12761 JeffiDaFish the Blocker (level 11, -3/73 HPs)
             Began as a Gargoyle Fighter on July 16, 2017.
             Was a High Priest of Okawaru.
             Slain by Urug
             ... wielding a +0 scimitar of distortion
              (6 damage)
             ... on level 2 of the Lair of Beasts on July 18, 2017.
             The game lasted 00:29:27 (10780 turns).

JeffiDaFish the Blocker (Gargoyle Fighter)         Turns: 10780, Time: 00:29:28

Health: -3/73      AC: 30    Str: 23    XL:     11   Next: 98%
Magic:  18/18      EV:  8    Int:  9    God:    Okawaru [*****.]
Gold:   660        SH: 12    Dex: 14    Spells: 18/19 levels left

rFire    . . .     SeeInvis .   x - +3 morningstar
rCold    . . .     Gourm    .   c - +0 shield
rNeg     + . .     Faith    .   v - +0 plate armour
rPois    ∞         Spirit   .   j - +1 helmet
rElec    +         Reflect  .   m - +2 cloak
rCorr    .         Harm     .   y - +1 pair of gloves {Str+3}
MR       +....                  (no boots)
Stlth    ..........             (no amulet)
Regen    0.7/turn               e - ring of protection from magic
MPRegen  0.2/turn               (no ring)

@: no status effects
A: rugged brown scales 1, thin skeletal structure 1, negative energy resistance
1, regeneration 1, electricity resistance, unbreathing, petrification
resistance, rot immunity, AC +7
a: Heroism, Finesse, Renounce Religion


You were on level 2 of the Lair of Beasts.
You worshipped Okawaru.
Okawaru was extremely pleased with you.
You were hungry.

You visited 3 branches of the dungeon, and saw 13 of its levels.
You also visited: Ossuary.

You collected 660 gold pieces.

Inventory:

Hand Weapons
 x - a +3 morningstar (weapon)
Armour
 c - a +0 shield (worn)
 j - a +1 helmet (worn)
 m - a +2 cloak (worn)
 v - a +0 plate armour (worn)
 y - a +1 pair of gloves of strength (worn)
Jewellery
 e - a ring of protection from magic (left hand)
Wands
 o - a wand of iceblast (10/15)
Scrolls
 b - a scroll of magic mapping
 g - 10 scrolls of identify
 i - 2 scrolls of fog
 k - 2 scrolls of amnesia
 l - a scroll of teleportation
 p - 6 scrolls of remove curse
 t - a scroll of recharging
Potions
 d - a potion of might
 q - a potion of magic
 u - a potion of cancellation
 w - a potion of resistance
 z - a potion of curing
Books
 n - a book of Conjurations

   Spells                             Type                      Level
   a - Magic Dart                     Conjuration                  1
   b - Searing Ray                    Conjuration                  2
   c - Dazzling Spray                 Conjuration/Hexes            3
   d - Fulminant Prism                Conjuration/Hexes            4
   e - Force Lance                    Conjuration/Translocation    4
   f - Iskenderun's Mystic Blast      Conjuration                  4
Comestibles
 a - a chunk of flesh
 f - 9 bread rations
 r - 11 fruits
 s - 6 meat rations
 A - 5 royal jellies


   Skills:
 * Level 9.3 Fighting
 * Level 8.9 Maces & Flails
 * Level 9.3 Armour
 + Level 4.5 Dodging
 * Level 9.5 Shields
 + Level 4.7 Spellcasting
 + Level 5.9 Conjurations
 + Level 0.9 Invocations


You had 18 spell levels left.
You knew the following spells:

 Your Spells              Type           Power        Failure   Level  Hunger
a - Magic Dart            Conj           ##..         50%         1    #......


Dungeon Overview and Level Annotations

Branches:
Dungeon (10/15)            Temple (1/1) D:4            Lair (2/6) D:9
  Swamp (0/4) Lair:2
  Snake: Lair:2-4    Spider: Lair:2-4       Orc: D:9-12

Altars:
Ashenzari
Cheibriados
Elyvilon
Fedhas
Gozag
Kikubaaqudgha
Makhleb
Nemelex Xobeh
Okawaru
Sif Muna
Trog
Uskayaw
Vehumet
Yredelemnul
Zin
The Shining One
Beogh

Annotations:
Lair:2 Urug


Innate Abilities, Weirdness & Mutations

You are resistant to torment.
Your stone body is resilient. (AC +7)
You are immune to poison.
You resist negative energy. (rN+)
You are resistant to electric shocks. (rElec)
You can survive without breathing.
You are immune to petrification.
You are immune to rotting.
You are partially covered in rugged brown scales. (AC +1, +3% HP)
You have a somewhat thin skeletal structure. (Dex +2, Stealth)
Your natural rate of healing is unusually fast.


Message History

You hit Urug but do no damage.
Urug is moderately wounded.
Urug zaps a wand.
The bolt of lightning hits you! You resist.
Your plate armour prevents you from hitting Urug.
Urug is moderately wounded.
Urug screams, "Revenge!"
Urug zaps a wand.
The bolt of lightning hits you! You resist.
You hit Urug but do no damage.
Urug is moderately wounded.
Urug hits you with a scimitar of distortion!
Space bends around you.
You puncture Urug!
Urug is moderately wounded.
Urug zaps a wand.
The bolt of lightning hits you! You resist.
You puncture Urug!
Urug is heavily wounded.
Urug hits you with a scimitar of distortion!!
* * * LOW HITPOINT WARNING * * *
Space bends around you.
You die...

**,*** **,,** **,,,****,,,*
*,,,,,,,,,,,* ,,,,,,,,,,,,* ###
*## ,,,,,,,,,,*** ##.######)#
,,,,,,,,,,,* ##........##
,,,,,,,,,.§###*######.>.......P##
,,,,,,,,,§§.§§P#.#..#....../.###.
,,,,,,,,,..§§§§o@....(....÷.##.#.
,,,,,,,,,§#§§§#§.###.(...........
,,,,,,,,,,##**#### ###.#.######.#
*,,,,,,,,,* #.#### ###
**,,,,,,,,* ##* # ****,,***,* ***
,********** ****,*** ,,,,,**,**
*****,*,,,,*
,,,,,,,,,***,**,,,,,,,***


You could see Urug.

Vanquished Creatures
  A hydra (Lair:1)
  2 orc knights
  Pikel (D:7)
  2 spiny frogs (Lair:1)
  2 komodo dragons (Lair:1)
  A troll (D:9)
  4 hippogriffs
  A wyvern (D:7)
  Eustachio (D:6)
  9 yaks
  3 hogs (D:8)
  A hungry ghost (D:7)
  A human (D:8)
  4 water moccasins (Lair:1)
  A porcupine (Lair:2)
  8 orc warriors
  A sky beast (D:5)
  A black bear (D:9)
  A necrophage (D:8)
  An ice beast (D:6)
  3 centaurs
  8 ogres
  5 crocodiles
  The ghost of JeffiDaFish the Stinger, an amateur GrVM (D:3)
  7 bullfrogs
  An elf zombie (D:4)
  A wyvern zombie (D:9)
  An elf skeleton (D:4)
  A gnoll sergeant (D:8)
  4 scorpions
  12 killer bees
  4 howler monkeys
  A vampire bat (D:9)
  3 crimson imps
  2 quasits
  A bullfrog zombie (D:9)
  A jelly (D:3)
  7 orc priests
  Crazy Yiuf (D:2)
  6 hounds
  11 orc wizards
  A centaur skeleton (D:5)
  5 iguanas
  2 bullfrog skeletons
  3 human skeletons (D:4)
  Natasha (thrice) (D:3)
  5 worker ants
  A hound zombie (D:9)
  12 mummies (Ossuary)
  A worker ant zombie (D:8)
  Robin (D:2)
  3 gnolls (D:8)
  10 adders
  A shadow imp (D:5)
  2 oozes
  2 adder zombies (D:8)
  2 adder skeletons
  2 worms
  2 dart slugs
  3 leopard geckos
  26 orcs
  12 bats
  4 giant cockroaches
  4 hobgoblins
  5 jackals
  4 ball pythons
  4 frilled lizards
  A giant cockroach zombie (D:6)
  A gnoll skeleton (Ossuary)
  22 goblins
  5 kobolds
  3 kobold skeletons (Ossuary)
  A leopard gecko zombie (D:5)
  4 orc skeletons (Ossuary)
  An orc zombie (D:4)
  7 rats
  11 rat skeletons (Ossuary)
303 creatures vanquished.

Vanquished Creatures (others)
  2 slaves (D:7)
  An orc wizard (D:7)
  5 fungi (D:9)
  4 plants
12 creatures vanquished.

Grand Total: 315 creatures vanquished

Notes
Turn   | Place    | Note
-------+----------+-------------------------------------------
     0 | D:1      | JeffiDaFish the Gargoyle Fighter began the quest for the Orb.
     0 | D:1      | Reached XP level 1. HP: 14/14 MP: 1/1
   111 | D:1      | Reached XP level 2. HP: 14/19 MP: 2/2
   512 | D:1      | Reached XP level 3. HP: 23/23 MP: 3/3
  1101 | D:2      | Noticed Robin
  1446 | D:2      | Killed Robin
  1446 | D:2      | Reached XP level 4. HP: 29/29 MP: 4/4
  1518 | D:2      | Found a faded altar of an unknown god.
  2002 | D:2      | Found a runed door.
  2095 | D:2      | Noticed Crazy Yiuf
  2101 | D:2      | Killed Crazy Yiuf
  2101 | D:2      | Reached XP level 5. HP: 33/33 MP: 5/5
  2310 | D:3      | Learned a level 1 spell: Magic Dart
  2538 | D:3      | Noticed Natasha
  2544 | D:3      | Killed Natasha
  2544 | D:3      | Reached skill level 1 in Dodging
  2569 | D:3      | Noticed JeffiDaFish's ghost (amateur GrVM)
  2587 | D:3      | Killed JeffiDaFish's ghost
  2587 | D:3      | Reached XP level 6. HP: 37/39 MP: 6/6
  2906 | D:3      | Noticed Natasha
  2913 | D:3      | Killed Natasha
  2913 | D:3      | Reached skill level 1 in Conjurations
  3086 | D:4      | Reached skill level 5 in Shields
  3086 | D:4      | Reached skill level 1 in Spellcasting
  3086 | D:4      | Reached XP level 7. HP: 40/44 MP: 8/8
  3102 | D:4      | Reached skill level 5 in Fighting
  3140 | D:4      | Found a sand-covered staircase.
  3153 | Ossuary  | Entered an ossuary
  3876 | D:4      | Reached XP level 8. HP: 45/49 MP: 10/10
  3926 | D:3      | Reached skill level 5 in Armour
  4114 | D:3      | Noticed Natasha
  4128 | D:3      | Killed Natasha
  4133 | D:3      | Gained mutation: Your natural rate of healing is unusually fast. [potion of mutation]
  4133 | D:3      | Gained mutation: You are partially covered in rugged brown scales. (AC +1, +3% HP) [potion of mutation]
  4133 | D:3      | Gained mutation: You have a somewhat thin skeletal structure. (Dex +2, Stealth) [potion of mutation]
  4186 | D:4      | Found a staircase to the Ecumenical Temple.
  4199 | Temple   | Entered the Ecumenical Temple
  4250 | Temple   | Became a worshipper of Warmaster Okawaru
  4648 | D:5      | Entered Level 5 of the Dungeon
  4656 | D:5      | Reached skill level 5 in Maces & Flails
  5023 | D:5      | Reached * piety under Okawaru
  5136 | D:5      | Reached XP level 9. HP: 56/56 MP: 12/12
  5215 | D:6      | Noticed Eustachio
  5256 | D:6      | Killed Eustachio
  5482 | D:6      | Reached ** piety under Okawaru
  6577 | D:6      | Reached *** piety under Okawaru
  6751 | D:7      | Noticed Pikel
  6773 | D:7      | Killed Pikel
  6773 | D:7      | Reached XP level 10. HP: 64/64 MP: 14/14
  6989 | D:8      | Reached **** piety under Okawaru
  7724 | D:8      | Reached skill level 5 in Conjurations
  8080 | D:9      | Received a gift from Okawaru
  8237 | D:9      | Reached XP level 11. HP: 61/71 MP: 17/17
  8415 | D:9      | Reached ***** piety under Okawaru
  8582 | D:9      | Found a runed door.
  8728 | D:9      | Noticed an orc knight
  8763 | D:9      | Killed an orc knight
  8763 | D:9      | Received a gift from Okawaru
  8769 | D:9      | Noticed an orc knight
  8822 | D:8      | Killed an orc knight
  8989 | D:9      | Found a roughly hewn altar of Beogh.
  9297 | D:9      | Found a staircase to the Lair.
  9525 | D:10     | Entered Level 10 of the Dungeon
  9544 | Lair:1   | Entered Level 1 of the Lair of Beasts
 10544 | Lair:1   | Received a gift from Okawaru
 10581 | Lair:1   | Noticed a five-headed hydra
 10589 | Lair:1   | Killed a five-headed hydra
 10764 | Lair:2   | Noticed Urug
 10766 | Lair:2   | Found a staircase to the Swamp.
 10780 | Lair:2   | HP: 3/73 [Urug/scimitar of distortion (21)]
 10780 | Lair:2   | Slain by Urug

Skill      XL: |  1  2  3  4  5  6  7  8  9 10 11 |
---------------+----------------------------------+-----
Shields        | 4 5 6 7 8 9 |  9.5
Maces & Flails | 3 4 5 6 7 8 |  8.9
Fighting       | 4 5 6 7 8 9 |  9.3
Dodging        | 1 2 3 4 |  4.5
Armour         | 4 5 7 8 9 |  9.3
Conjurations   | 1 2 4 5 |  5.9
Spellcasting   | 1 2 3 4 |  4.7
Invocations    | |  0.9

Action                   |  1- 3 |  4- 6 |  7- 9 | 10-12 || total
-------------------------+-------+-------+-------+-------++-------
Melee: Flail             |   173 |   181 |   780 |   500 ||  1634
       Morningstar       |       |       |       |   290 ||   290
Invok: Heroism           |       |       |       |     1 ||     1
  Use: Scroll            |     6 |     6 |     8 |     9 ||    29
       Potion            |     1 |     5 |     9 |     4 ||    19
  Eat: Chunk             |     2 |     6 |    12 |    14 ||    34
       Bread ration      |       |       |     1 |       ||     1
Armor: Chain mail        |   158 |   127 |   398 |       ||   683
       Scale mail        |     6 |       |       |       ||     6
       Plate armour      |       |       |   281 |   556 ||   837
Dodge: Dodged            |    67 |    46 |   284 |   189 ||   586
Block: Shield            |   139 |   128 |   550 |   527 ||  1344
